 Dungeon Crawl Stone Soup version 0.30-a0-793-g160f7cfddd (webtiles) character file.

Game seed: 6630576551861629925

114 Esekla the Sneak (level 4, 0/25 HPs)
             Began as a Vine Stalker Delver on Feb 19, 2023.
             Killed from afar by Sigmund (2 damage)
             ... with a puff of flame
             ... on level 5 of the Dungeon.
             The game lasted 00:04:07 (240 turns).

Esekla the Sneak (Vine Stalker Delver)               Turns: 240, Time: 00:04:07

Health: 0/25       AC:  3    Str: 14    XL:     4   Next: 98%
Magic:  0/8        EV: 12    Int: 12    God:
Gold:   0          SH:  0    Dex: 16    Spells: 7/7 levels left

rFire   . . .      SeeInvis .    a - +0 falchion
rCold   . . .      Faith    .    (no shield)
rNeg    . . .      Spirit   +    b - +0 leather armour
rPois   .          Reflect  .    (no helmet)
rElec   .          Harm     .    (no cloak)
rCorr   .          Rampage  .    (no gloves)
Will    .....                    (no boots)
Stlth   +                        (no amulet)
HPRegen 1.04/turn                (no ring)
MPRegen 0.11/turn                (no ring)

@: confused
A: fangs 2, regeneration 1, magic shield, antimagic bite, no potion heal 2
a: no special abilities


You were on level 5 of the Dungeon.
You visited 1 branch of the dungeon, and saw 1 of its levels.

Inventory:

Hand Weapons
 a - a +0 falchion (weapon)
 d - a +0 dagger
Armour
 b - a +0 leather armour (worn)
Wands
 g - a wand of digging (3)
Scrolls
 c - a scroll of fog
Potions
 e - a potion of lignification


   Skills:
 * Level 3.6 Fighting
 * Level 2.8 Long Blades
 + Level 0.2 Armour
 + Level 1.8 Dodging
 - Level 6.0 Stealth
 * Level 2.0 Spellcasting


You had 7 spell levels left.
You didn't know any spells.
Your spell library was empty.

Dungeon Overview and Level Annotations

Branches:
Dungeon (5/15)
 Temple: D:4-7

Altars:
Ru
Uskayaw

Shops:
D:5 ==

Annotations:
D:5 Sigmund


Innate Abilities, Weirdness & Mutations

You have extremely sharp teeth.
Your natural rate of healing is unusually fast.
When hurt, damage is shared between your health and your magic reserves.
Your bite disrupts and absorbs the magic of your enemies.
Potions cannot restore your health.


Message History

Found a rapier.
Sigmund casts a spell.
Sigmund flickers and vanishes!
Deactivating autopickup; reactivate with Ctrl-A.
You see here a bubbling inky potion.
e - a bubbling inky potion You open the door. 4 gnolls come into view.
There is an open door here.
You close the door.
As you read the scroll labelled GATZAYT EDGHOUW, it crumbles to dust.
It is a scroll of identify.
e - a potion of lignification Something hits you.
Okay, then.
Something hits you! Something hits you.
You hear some strange, mumbled words.
You are confused.
You bump into the rock wall.
You hear some strange, mumbled words.
You are more confused.
You bump into the closed door.
You're too confused to move!
Something hits you!
You bump into the closed door.
Something hits you but does no damage.
You're too confused to move!
You bump into the closed door.
Something hits you.
You bump into the rock wall.
You hear some strange, mumbled words.
You are more confused.
You bump into the closed door.
A magic dart appears from out of thin air!
The magic dart hits you!
You bump into the closed door.
Something hits you!
* * * LOW HITPOINT WARNING * * *
Something hits you!
* * * LOW HITPOINT WARNING * * *
A puff of flame appears from out of thin air!
The puff of flame hits you.
You die...

,..,,,,,,,<,,*,.......#∩....#....
,,,,,,,,,,,,,*,.......'.s...#....
,,,**,,,,,,,**,.......#.....#....
,,,**,,,,,,,###############+#....
,,,+,,,,,,,,#...)...........†....
,,,*,,,,,,,,#....................
,,,*,,,,,,,,#....................
,,,*,,,,,,*,#....................
,,,*,,,,,,,,+...@...........|....
,,,*,,,,,*∩*#.........#######....
*****,**,,,,#.........# #....
,****.##..♣.#{........# #....
,,*,,.......#.........# #....
,,*,,.......#.........# #.)..
,,*,,.......#.........# *,,,,
,,+,,..g....#.........# *,,,,
,,*,,..S.g.g#.........# *,,,,


There were no monsters in sight!

Vanquished Creatures
  2 howler monkeys (D:5)
  A hound (D:5)
  An orc (D:5)
  3 jackals (D:5)
7 creatures vanquished.

Notes
Turn   | Place    | Note
-------+----------+-------------------------------------------
     0 | D:5      | Esekla the Vine Stalker Delver began the quest for the Orb.
     0 | D:5      | Reached XP level 1. HP: 11/11 MP: 2/2
     3 | D:5      | Noticed a water moccasin
    18 | D:5      | Found Seyts's Jewellery Shop.
    22 | D:5      | Noticed a howler monkey
    53 | D:5      | Noticed an iguana
    84 | D:5      | Noticed a howler monkey
    93 | D:5      | Killed a howler monkey
    94 | D:5      | Reached skill level 1 in Spellcasting
    94 | D:5      | Reached XP level 2. HP: 13/16 MP: 2/4
    94 | D:5      | Reached XP level 3. HP: 16/20 MP: 2/5
    98 | D:5      | Noticed a centaur
   109 | D:5      | Found a sacrificial altar of Ru.
   110 | D:5      | Found a hide-covered altar of Uskayaw.
   137 | D:5      | Gained mutation: Your natural rate of healing is unusually
                  | fast. [Vine Stalker growth]
   137 | D:5      | Reached XP level 4. HP: 24/24 MP: 5/7
   179 | D:5      | Found Puduts's Jewellery Shop.
   186 | D:5      | Noticed a scorpion
   197 | D:5      | Noticed Sigmund
   239 | D:5      | HP: 1/25 [something (8)]
   240 | D:5      | Killed from afar by Sigmund

Illustrated notes

Levels and vault maps discovered:
D:5:      layout_gridville, gammafunk_temple_overflow_pools, serial_shops,
          nicolae_shop_behind_doors, nicolae_shop_trees, shop,
          kennysheep_mini_moat, uniq_sigmund

Skill      XL: |  1  2  3  4 |
---------------+-------------+-----
Long Blades    | 2 |  2.8
Fighting       | 3 |  3.6
Spellcasting   | 1 2 |  2.0
Armour         | |  0.2
Dodging        | |  1.8
Stealth        | |  6.0

Action                     |  1- 3 |  4- 6 || total
---------------------------+-------+-------++-------
  Melee: Falchion          |     4 |    13 ||    17
         Dagger            |     2 |     1 ||     3
         Bite              |       |     2 ||     2
    Use: Scroll            |     2 |     1 ||     3
         Potion            |     1 |       ||     1
   Stab: Sleeping          |     2 |       ||     2
 Armour: Leather armour    |     1 |     1 ||     2
  Dodge: Dodged            |     3 |     7 ||    10

Table legend: (Time is in decaauts)
 A = Elapsed time spent in this place.
 B = Non-inter-level travel time spent in this place.
 C = Inter-level travel time spent in this place.
 D = Time resting spent in this place.
 E = Time spent auto-exploring this place.
 F = Levels seen in this place.
 G = Mean time per level.
                   A        B        C        D        E       F      G
               +--------+--------+--------+--------+--------+-----+--------+
         Total |    225 |    225 |      0 |      7 |      0 |   1 |  225.0 |
       Dungeon |    225 |    225 |      0 |      7 |      0 |   1 |  225.0 |
               +--------+--------+--------+--------+--------+-----+--------+

Top non-repeatable levels by time:
     D:5: 225 daAuts
